AoeStats
← 公鸡神探

Oasis

507486063Analyzed
4v4 RM · 14d ago on Sep 18, 2026· 24m 13s· 8 players
Game mode
Random Map
Map size
Large (8 player)
Population
200
Speed
Normal
Resources
Standard
Victory
Conquest
Starting age
Dark Age
Ending age
Imperial Age
RankedLock teamsTeams togetherTeam positionsShared explorationLock speedFull tech treeHidden civsTurbo modeCheats
Victory
Defeat
🇭🇰 Ethiopians · Hong Kong SAR China
1339
+9
🇹🇷 Khmer · Türkiye
1132
+17
🇮🇳 Chinese · India
1119
+17
🇭🇰 Hindustanis · Hong Kong SAR China
1021
+21
🇨🇳 Vikings · China
1180
-17
🇨🇳 Turks · China
1172
-17
🇨🇳 Sicilians · China
1162
-16
1099
-14
公鸡神探
8:14 Loom
10:42 Feudal Age
11:05 Horse Collar
11:13 Double-Bit Axe
11:56 Man-at-Arms
14:45 Forging
17:28 Fletching
21:38 Castle Age
22:45 Bodkin Arrow
22:52 Padded Archer Armor
22:15 Crossbowman
翻斗花园突破手绫小路
11:38 Feudal Age
16:44 Castle Age
16:46 Double-Bit Axe
18:19 Husbandry
18:19 Loom
23:36 Scale Barding Armor
JIANG
0:27 Loom
12:32 Feudal Age
12:59 Horse Collar
18:17 Castle Age
16:34 Double-Bit Axe
18:52 Wheelbarrow
18:53 Bloodlines
无甲的joe
6:18 Loom
9:30 Feudal Age
19:48 Horse Collar
25:43 Castle Age
UnHappy
6:27 Loom
8:54 Feudal Age
13:08 Double-Bit Axe
13:32 Fletching
14:21 Padded Archer Armor
22:55 Castle Age
21:30 Gold Mining
23:09 Wheelbarrow
23:02 Crossbowman
23:37 Bodkin Arrow
24:15 Leather Archer Armor
findingmontoo7
0:30 Loom
10:47 Feudal Age
17:59 Double-Bit Axe
20:05 Horse Collar
23:20 Gold Mining
25:12 Wheelbarrow
bhdraydmr
7:53 Loom
10:15 Feudal Age
10:59 Double-Bit Axe
15:54 Fletching
24:57 Castle Age
kalun348
8:08 Loom
11:55 Feudal Age
16:25 Castle Age
15:18 Double-Bit Axe
16:37 Scale Barding Armor
16:22 Horse Collar
24:20 Bow Saw
Connection lost

Rejoining the realm…

Still unreachable

The connection could not be restored.

Session expired

The server has moved on; the page needs a fresh start.